 Dungeon Crawl Stone Soup version 0.30-a0-782-ge64f9170bb (webtiles) character file.

Game seed: 489260325131209523

99 funkygono the Firebug (level 4, -4/24 HPs)
             Began as a Gargoyle Fire Elementalist on Feb 20, 2023.
             Killed from afar by Ijyb (14 damage)
             ... with a bolt of acid
             ... on level 3 of the Dungeon.
             The game lasted 00:03:36 (2103 turns).

funkygono the Firebug (Gargoyle Fire Elementalist)  Turns: 2103, Time: 00:03:37

Health: -4/24      AC:  6    Str: 11    XL:     4   Next: 72%
Magic:  4/8        EV: 12    Int: 18    God:
Gold:   59         SH:  0    Dex: 10    Spells: 3/9 levels left

rFire   + . .      SeeInvis .    o - +0 mace
rCold   x . .      Faith    .    (no shield)
rNeg    + . .      Spirit   .    a - +0 robe
rPois   ∞          Reflect  .    (no helmet)
rElec   +          Harm     .    (no cloak)
rCorr   .          Rampage  .    (no gloves)
Will    +....                    c - +0 pair of boots
Stlth   ++                       (no amulet)
HPRegen 0.24/turn                g - ring of fire
MPRegen 0.11/turn                k - ring of willpower

@: no status effects
A: sickness immunity, AC +3, negative energy resistance 1, electricity
resistance, torment resistance 1, petrification resistance
a: no special abilities


You were on level 3 of the Dungeon.
You visited 1 branch of the dungeon, and saw 3 of its levels.

You collected 59 gold pieces.

Inventory:

Hand Weapons
 m - a +1 dagger of speed
 o - a +0 mace (weapon)
Armour
 a - a +0 robe (worn)
 c - a +0 pair of boots (worn)
Jewellery
 g - a ring of fire (left hand)
 k - a ring of willpower (right hand)
Scrolls
 e - 2 scrolls of enchant armour {unknown}
 i - a scroll of immolation {unknown}
 j - a scroll of poison {unknown}
 l - a scroll of blinking {unknown}
Potions
 b - a potion of magic
 d - a potion of resistance {unknown}
 f - a potion of might {unknown}
 h - 3 potions of heal wounds {unknown}
 n - a potion of lignification {unknown}


   Skills:
 + Level 1.7 Dodging
 - Level 2.1 Stealth
 + Level 3.2 Spellcasting
 + Level 2.0 Conjurations
 + Level 4.0 Fire Magic


You had 3 spell levels left.
You knew the following spells:

 Your Spells              Type           Power      Damage    Failure   Level
a - Foxfire               Conj/Fire      80%        2x1d8     4%          1
b - Scorch                Fire           52%        2d8       4%          2
c - Kindle Blastsparks    Fire/Tloc/Air  22%        2d11      28%         3

Your spell library contained the following spells:

 Spells                   Type           Power      Damage    Failure   Level
 Magic Dart               Conj           40%        1d5       7%          1
 Searing Ray              Conj           20%        2d5       11%         2
 Beastly Appendage        Tmut           4%         N/A       16%         1
 Momentum Strike          Conj/Tloc      12%        3d8       16%         2
 Inner Flame              Hex/Fire       15%        N/A       21%         3
 Blink                    Tloc           4%         N/A       24%         2
 Ensorcelled Hibernation  Hex/Ice        4%         N/A       24%         2
 Lesser Beckoning         Tloc           4%         N/A       24%         2
 Passwall                 Tmut/Erth      1%         N/A       24%         2
 Wereblood                Tmut           2%         N/A       24%         2
 Dazzling Flash           Conj/Hex       12%        N/A       30%         3
 Portal Projectile        Hex/Tloc       4%         N/A       43%         3
 Spider Form              Tmut/Pois      2%         N/A       43%         3
 Swiftness                Air            2%         N/A       43%         3
 Tukima's Dance           Hex            2%         N/A       43%         3
 Flame Wave               Conj/Fire      20%        2d7       41%         4
 Fulminant Prism          Conj/Hex       3%         3d5       71%         4
 Agony                    Necr           2%         N/A       99%         5
 Blade Hands              Tmut           1%         N/A       99%         5
 Silence                  Hex/Air        1%         N/A       99%         5


Dungeon Overview and Level Annotations

Branches:
Dungeon (3/15)

Altars:

Annotations:
D:3 Ijyb


Innate Abilities, Weirdness & Mutations

You are immune to sickness and miasma.
Your stone body is resilient. (AC +3)
You are immune to poison.
You resist negative energy. (rN+)
You are resistant to electric shocks. (rElec)
You are resistant to unholy torment.
You are immune to petrification.


Message History

You see here a +0 mace.
p - a +0 mace You drop a +0 mace.
A dart slug comes into view.
A dart slug is nearby!
Ijyb the Twisted Goblin comes into view.
She is wielding a +0 club, wearing a +1 ring mail of fire resistance and carrying a wand of acid (5).
Ijyb shouts!
You hear an angry hiss.
You hear a bark!
Casting: Foxfire (safe; 4% risk of failure)
Confirm with . or Enter, or press ? or * to list all spells.
You feel a surge of power!
You conjure some foxfire!
The dart slug launches a dart at you. The slug dart misses you.
Casting: Foxfire (safe; 4% risk of failure)
Confirm with . or Enter, or press ? or * to list all spells.
You feel a surge of power!
You conjure some foxfire!
Ijyb zaps a wand.
The bolt of acid hits you!
Ouch! That really hurt!
The foxfire hits the dart slug.
The dart slug is moderately wounded.
The foxfire hits the dart slug.
The dart slug is almost dead.
Casting: Foxfire (safe; 4% risk of failure)
Confirm with . or Enter, or press ? or * to list all spells.
You feel a surge of power!
You conjure some foxfire!
Ijyb zaps a wand.
The bolt of acid hits your foxfire!! The acid corrodes your foxfire!
The bolt of acid misses you.
The foxfire hits Ijyb.
Ijyb resists.
Ijyb is lightly wounded.
The foxfire hits the dart slug.
You kill the dart slug!
Casting: Foxfire (safe; 4% risk of failure)
Confirm with . or Enter, or press ? or * to list all spells.
You feel a surge of power!
You conjure some foxfire!
The foxfire hits Ijyb but does no damage.
Ijyb is lightly wounded.
The foxfire hits Ijyb but does no damage.
Ijyb is lightly wounded.
Ijyb zaps a wand.
The bolt of acid hits your foxfire! The acid corrodes your foxfire!
The bolt of acid hits you!
Ouch! That really hurt!
You die...

##........##
...........
#......g.#
##........#
#......§§.#
#......§§.#
...†..§v§§#
#.....v@§.#
#.#####.§.# #..###
#### ##.##
#...###..###
#..........####
+..............
#......#..#..##
#>.....)##...#####


You could see Ijyb (ally target).

Vanquished Creatures
  Terence (D:3)
  2 adders
  A worm (D:2)
  3 dart slugs
  An orc (D:3)
  3 bats
  5 endoplasms
  2 giant cockroaches (D:2)
  4 goblins
  4 hobgoblins
  3 jackals (D:1)
  A quokka (D:2)
  5 ball pythons
  3 frilled lizards (D:1)
  3 kobolds
  2 rats (D:1)
43 creatures vanquished.

Vanquished Creatures (others)
  122 foxfires
122 creatures vanquished.

Grand Total: 165 creatures vanquished

Notes
Turn   | Place    | Note
-------+----------+-------------------------------------------
     0 | D:1      | funkygono the Gargoyle Fire Elementalist began the quest
                  | for the Orb.
     0 | D:1      | Reached XP level 1. HP: 10/10 MP: 3/3
   223 | D:1      | Reached XP level 2. HP: 15/15 MP: 1/5
   226 | D:1      | Learned a level 2 spell: Scorch
   479 | D:1      | You fall into a shaft and drop 1 floor!
   646 | D:2      | Reached XP level 3. HP: 19/19 MP: 1/6
   650 | D:2      | Learned a level 3 spell: Kindle Blastsparks
   898 | D:1      | Found a faded altar of an unknown god.
  1879 | D:3      | Reached skill level 4 in Fire Magic
  1879 | D:3      | Reached XP level 4. HP: 22/24 MP: 2/8
  1983 | D:3      | Noticed Terence
  1989 | D:3      | Killed Terence
  2099 | D:3      | Noticed Ijyb
  2103 | D:3      | Killed from afar by Ijyb

Illustrated notes

Levels and vault maps discovered:
D:1:      tarquinn_simple_flora_water_f, layout_rooms,
          hellmonk_ecumenical_altar_heavens_door, corner_web_ring
D:2:      layout_loops_cross
D:3:      layout_basic, mainiacjoe_overflow_24_doors, minmay_misc_feat_square,
          st_stairs_14, chequers_mini_garden, chequers_serial_rivers_micro_e,
          minmay_distorted, uniq_ijyb, uniq_terence

Skill      XL: |  1  2  3  4 |
---------------+-------------+-----
Conjurations   | 2 |  2.0
Fire Magic     | 4 |  4.0
Spellcasting   | 3 |  3.2
Dodging        | |  1.7
Stealth        | |  2.1

Action                     |  1- 3 |  4- 6 || total
---------------------------+-------+-------++-------
   Cast: Foxfire           |    62 |    15 ||    77
         Scorch            |     5 |     1 ||     6
 Armour: Robe              |     8 |       ||     8
  Dodge: Dodged            |    16 |     2 ||    18

Table legend: (Time is in decaauts)
 A = Elapsed time spent in this place.
 B = Non-inter-level travel time spent in this place.
 C = Inter-level travel time spent in this place.
 D = Time resting spent in this place.
 E = Time spent auto-exploring this place.
 F = Levels seen in this place.
 G = Mean time per level.
                   A        B        C        D        E       F      G
               +--------+--------+--------+--------+--------+-----+--------+
         Total |   2102 |   2057 |     45 |     21 |   1706 |   3 |  700.7 |
       Dungeon |   2102 |   2057 |     45 |     21 |   1706 |   3 |  700.7 |
               +--------+--------+--------+--------+--------+-----+--------+

Top non-repeatable levels by time:
     D:2: 1061 daAuts
     D:1: 761 daAuts
     D:3: 279 daAuts
